 Dungeon Crawl Stone Soup version 0.23.1 (webtiles) character file.

Game seed: 0

59829 Ratux the Grappler (level 14, -9/153 HPs)
             Began as a Troll Berserker on Mar 11, 2019.
             Was a High Priest of Trog.
             Mangled by a sun demon (19 damage)
             ... summoned by an orc high priest
             ... on level 2 of the Orcish Mines.
             The game lasted 02:31:52 (21089 turns).

Ratux the Grappler (Troll Berserker)               Turns: 21089, Time: 02:31:54

Health: -9/153     AC: 13    Str: 31    XL:     14   Next: 54%
Magic:  0/17       EV: 16    Int:  4    God:    Trog [*****.]
Gold:   1628       SH:  0    Dex:  9    Spells: 13/13 levels left

rFire    . . .     SeeInvis .     - Unarmed
rCold    . . .     Gourm    +   (no shield)
rNeg     . . .     Faith    .   V - +2 robe of Complete Protection {rPois Slay+3}
rPois    +         Spirit   +   K - +2 hat
rElec    .         Reflect  .   (no cloak)
rCorr    .         Harm     .   (gloves unavailable)
MR       +....                  (boots unavailable)
Stlth    +.........             O - amulet of guardian spirit
HPRegen  0.75/turn              c - +2 ring of evasion
MPRegen  0.15/turn              q - +3 ring of protection

@: about to teleport, berserk cooldown, slowed, very slow
A: large, unfitting armour, claws 3, fast metabolism 3, gourmand, regeneration
1, shaggy fur 1, tough skin 3
a: Berserk, Trog's Hand, Brothers in Arms, Renounce Religion


You were on level 2 of the Orcish Mines.
You worshipped Trog.
Trog was extremely pleased with you.
You were very full.

You visited 3 branches of the dungeon, and saw 19 of its levels.
You also visited: Sewer and Ossuary.

You collected 1886 gold pieces.
You spent 258 gold pieces at shops.

Inventory:

Hand Weapons
 R - a +3 giant spiked club
Missiles
 w - 299 stones
 A - 7 poisoned tomahawks
 P - 22 tomahawks (quivered)
Armour
 a - quicksilver dragon scales
 K - a +2 hat (worn)
 V - the +2 robe of Complete Protection (worn) {rPois Slay+3}
   (You found it on level 10 of the Dungeon)

   It affects your accuracy and damage with ranged weapons and melee attacks
   (+3).
   It protects you from poison.
 X - a +2 robe of magic resistance
Jewellery
 c - a +2 ring of evasion (left claw)
 q - a +3 ring of protection (right claw)
 H - the amulet "Paeff" {*Corrode +Rage +Fly Dex-2 SInv}
   (You found it on level 5 of the Dungeon)

   [amulet of rage]

   It affects your dexterity (-2).
   It lets you see invisible.
   It lets you fly.
   It lets you go berserk.
   It may corrode you when you take damage.
 O - an amulet of guardian spirit (around neck)
Wands
 s - a wand of clouds (6)
 z - a wand of enslavement (26)
 E - a wand of polymorph (10)
 I - a wand of disintegration (9)
 U - a wand of flame (16)
 W - a wand of digging (15)
Scrolls
 f - 10 scrolls of remove curse
 h - a scroll of enchant armour {unknown}
 n - 2 scrolls of fog
 o - a scroll of immolation
 r - 2 scrolls of enchant weapon
 G - a scroll of blinking {unknown}
 J - a scroll of torment
 Q - a scroll of vulnerability {unknown}
 S - a scroll of magic mapping
 T - a scroll of acquirement {unknown}
 Y - a scroll of noise {unknown}
Potions
 d - 8 potions of curing
 k - 2 potions of might
 m - 3 potions of agility
 p - 6 potions of flight
 t - 7 potions of lignification
 u - 3 potions of ambrosia
 v - 3 potions of heal wounds
 B - a potion of invisibility {unknown}
 C - 3 potions of resistance
 D - a potion of magic {unknown}
 F - a potion of mutation {unknown}
 L - a potion of brilliance
 M - 2 potions of haste
 N - a potion of experience {unknown}
Miscellaneous
 e - a fan of gales
 j - a fan of gales
Comestibles
 b - 47 rations
 i - 12 chunks of flesh


   Skills:
 * Level 13.3 Fighting
 - Level 5.0 Maces & Flails
 - Level 3.0 Throwing
 - Level 10.0 Dodging
 + Level 14.0 Unarmed Combat
 - Level 6.0 Evocations


You had 13 spell levels left.
You didn't know any spells.
Your spell library contained the following spells:

 Spells                   Type           Power        Failure   Level  Hunger
 Confusing Touch          Hex            #.....       50%         1    ##.....
 Corona                   Hex            #......      50%         1    ##.....
 Shock                    Conj/Air       #...         50%         1    ##.....
 Ensorcelled Hibernation  Hex/Ice        #.....       65%         2    ###....
 Swiftness                Chrm/Air       #.......     65%         2    ###....
 Confuse                  Hex            #.......     86%         3    ####...
 Dazzling Spray           Conj/Hex       #.....       86%         3    ####...
 Gell's Gravitas          Tloc           #.........   86%         3    ####...
 Static Discharge         Conj/Air       #.......     86%         3    ####...
 Tukima's Dance           Hex            #.......     86%         3    ####...
 Airstrike                Air            #.........   99%         4    #####..
 Petrify                  Tmut/Erth      #.......     99%         4    #####..
 Lightning Bolt           Conj/Air       #.........   100%        5    ######.
 Metabolic Englaciation   Hex/Ice        #.........   100%        5    ######.
 Yara's Violent Unravell  Hex/Tmut       #.........   100%        5    ######.


Dungeon Overview and Level Annotations

Branches:
Dungeon (11/15)            Temple (0/1) D:5            Lair (6/6) D:10
  Swamp (0/4) Lair:4       Spider (0/4) Lair:2        Slime (0/5) Lair:5
    Orc (2/2) D:11
    Elf: Orc:2

Altars:
Cheibriados
Dithmenos
Elyvilon
Fedhas
Hepliaklqana
Nemelex Xobeh
Okawaru
Ru
Sif Muna
Trog
Vehumet
Wu Jian
Yredelemnul
Zin
Jiyva

Shops:
D:6 *   D:11 [   Orc:2 :(

Annotations:
D:4 exclusion: oklob plant
Lair:5 exclusion: 2 oklob plants


Innate Abilities, Weirdness & Mutations

You are too large for most types of armour.
You have claws for hands.
Your metabolism is lightning-fast.
You like to eat raw meat.
Your natural rate of healing is unusually fast.
You are covered in fur. (AC +1)
You have extremely tough skin. (AC +3)


Message History

The orc warrior hits you with a +0 war axe!
* * * LOW HITPOINT WARNING * * *
The ogre misses you. The sun demon completely misses you.
The orange demon barely misses you.
The orc high priest hits you with a +0 broad axe.
* * * LOW HITPOINT WARNING * * *
As you read the scroll of teleportation, it crumbles to dust.
You feel strangely unstable.
The ufetubus hits the fungus. x2
The orc warrior barely misses you. The sun demon barely misses you.
The ynoxinul gestures.
The ufetubus hits the fungus. x2; The ogre hits you with a +0 giant club!
* * * LOW HITPOINT WARNING * * *
The orc knight roars a battlecry!
The orc high priest goes into a battle-frenzy!
The orange demon stings you from afar.
* * * LOW HITPOINT WARNING * * *
The orc high priest closely misses you. The sun demon hits you!
* * * LOW HITPOINT WARNING * * *
You are engulfed in flames!!
You die...

##..#.#.#......................
#..............................
..........Oo...................
#..#.P...P.....................
#......P...............^.......
#....PP..5...#.................
..........P.P..................
..P.P.....P35.O..............<.
#......∩...P4o@.....#..........
...........5P3o................
#......8......5...........[....
.##.PPP........................
#....P...P...................
###..P.......................
##.........................
##.......#..............).
#.......................#<


You could see an orc knight (inner flame), an orc high priest (inner flame), a
sun demon, an orange demon, a ynoxinul, an orc warrior (inner flame), 2 ogres
and 4 ufetubi.

Vanquished Creatures
  The ghost of Jannitor the Martial Artist, a journeyman HuCK of Xom (Lair:3)
  2 hydras
  2 two-headed ogres
  8 death yaks (Lair:4)
  An orc high priest (Orc:2)
  2 unseen horrors
  2 sea snakes
  Pikel (D:8)
  A harpy (Lair:6)
  An orc knight (Orc:1)
  A wolf spider (Lair:2)
  A manticore (Lair:6)
  An orc sorcerer (Orc:2)
  The ghost of OdinFK the Magician, a novice DEFE (D:5)
  18 elephants
  An ugly thing (D:10)
  9 spiny frogs
  4 rime drakes
  7 black mambas
  6 komodo dragons
  10 polar bears
  A queen bee (Lair:3)
  3 trolls
  A jumping spider (Lair:2)
  4 hornets
  14 blink frogs
  4 dream sheep (Lair:6)
  8 hippogriffs
  A redback (Lair:2)
  Sigmund (D:2)
  2 spriggans (Lair:3)
  51 yaks
  3 wyverns
  A wraith (D:11)
  2 basilisks
  2 wargs
  Edmund (D:5)
  A hungry ghost (D:10)
  13 water moccasins
  10 porcupines
  17 orc warriors
  4 sky beasts
  A black bear (D:7)
  3 ice beasts
  A slave (D:8)
  2 eyes of draining
  7 wolves
  9 centaurs
  A boggart (Lair:3)
  5 ogres
  11 crocodiles
  4 elf zombies (Ossuary)
  Blork the orc (D:6)
  2 big kobolds
  A gnoll sergeant (D:9)
  8 bullfrogs
  6 scorpions
  28 killer bees
  7 wights
  An electric eel (Lair:4)
  3 howler monkeys
  3 crimson imps
  6 hounds
  2 quasits (D:8)
  2 centaur zombies
  A human zombie (Ossuary)
  A bullfrog skeleton (D:10)
  15 orc priests
  Crazy Yiuf (D:5)
  A jelly (D:5)
  2 centaur skeletons
  4 iguanas
  10 orc wizards
  6 worker ants
  A killer bee zombie (D:6)
  A hound skeleton (D:8)
  2 mummies (Ossuary)
  Robin (D:4)
  12 gnolls
  12 adders
  2 river rats (D:3)
  2 shadow imps
  2 oozes
  An adder zombie (Ossuary)
  9 worms
  3 dart slugs
  7 leopard geckos
  66 orcs
  13 bats
  3 giant cockroaches
  18 goblins
  9 hobgoblins
  3 jackals (D:4)
  5 quokkas
  3 ball pythons
  4 frilled lizards
  A giant cockroach zombie (D:5)
  A goblin zombie (Ossuary)
  8 hobgoblin zombies (Ossuary)
  A jackal skeleton (D:4)
  3 jackal zombies (Ossuary)
  18 kobolds
  11 kobold zombies (Ossuary)
  2 leopard gecko zombies
  6 orc zombies (Ossuary)
  2 quokka skeletons
  A quokka zombie (D:5)
  7 rats
  A rat zombie (Ossuary)
  A fungus (Lair:5)
  6 plants
627 creatures vanquished.

Vanquished Creatures (collateral kills)
  Nessos (Lair:5)
  A merfolk avatar (Lair:6)
  An ugly thing (D:11)
  2 elephants (Lair:6)
  A plant (Lair:3)
6 creatures vanquished.

Vanquished Creatures (others)
  A wizard (D:11)
  A bush (Lair:6)
  27 fungi
  21 plants
50 creatures vanquished.

Grand Total: 683 creatures vanquished

Notes
Turn   | Place    | Note
-------+----------+-------------------------------------------
     0 | D:1      | Ratux the Troll Berserker began the quest for the Orb.
     0 | D:1      | Reached XP level 1. HP: 22/22 MP: 0/0
   243 | D:1      | Reached XP level 2. HP: 29/29 MP: 1/1
   700 | D:2      | Reached XP level 3. HP: 36/36 MP: 2/2
   889 | D:2      | Reached ** piety under Trog
   936 | D:2      | Noticed Sigmund
   961 | D:2      | Killed Sigmund
   961 | D:2      | Reached skill level 4 in Unarmed Combat
   961 | D:2      | Reached XP level 4. HP: 30/45 MP: 3/3
   961 | D:2      | Reached XP level 5. HP: 35/53 MP: 4/4
  1437 | D:3      | Reached skill level 5 in Unarmed Combat
  1541 | D:3      | You fall through a shaft!
  1614 | D:3      | Reached XP level 6. HP: 61/61 MP: 5/5
  1666 | D:3      | Found a glowing drain.
  1697 | Sewer    | Entered a sewer
  2003 | D:3      | Reached *** piety under Trog
  2235 | D:3      | Found a white marble altar of Elyvilon.
  2239 | D:3      | Reached skill level 6 in Unarmed Combat
  2250 | D:3      | Reached XP level 7. HP: 66/68 MP: 6/6
  2755 | D:4      | Noticed Robin
  2805 | D:4      | Killed Robin
  3244 | D:4      | Found a basalt altar of Yredelemnul.
  3246 | D:4      | Found a radiant altar of Vehumet.
  3382 | D:4      | Found a blossoming altar of Fedhas.
  3394 | D:4      | Noticed an oklob plant
  3775 | D:5      | Entered Level 5 of the Dungeon
  3857 | D:5      | Noticed Edmund
  3873 | D:5      | Killed Edmund
  3873 | D:5      | Reached skill level 7 in Unarmed Combat
  3873 | D:5      | Reached XP level 8. HP: 79/79 MP: 7/7
  3890 | D:5      | Found a sparkling altar of Nemelex Xobeh.
  4111 | D:5      | Got a twitching silver amulet
  4221 | D:5      | Reached **** piety under Trog
  4294 | D:5      | Found a staircase to the Ecumenical Temple.
  4310 | D:5      | Found a runed translucent gate.
  4310 | D:5      | Found a runed translucent gate.
  4310 | D:5      | Found a runed translucent gate.
  4311 | D:5      | Noticed OdinFK's ghost (novice DEFE)
  4395 | D:5      | Reached skill level 5 in Dodging
  4395 | D:5      | Reached skill level 8 in Unarmed Combat
  4433 | D:5      | Reached skill level 5 in Fighting
  4509 | D:5      | Found a runed translucent door.
  4510 | D:5      | Noticed Crazy Yiuf
  4516 | D:5      | Killed Crazy Yiuf
  4603 | D:5      | Killed OdinFK's ghost
  4761 | D:6      | Found a shadowy altar of Dithmenos.
  4843 | D:6      | Reached XP level 9. HP: 64/88 MP: 8/8
  4852 | D:6      | Reached skill level 9 in Unarmed Combat
  4981 | D:6      | Found Zin's Purification Station.
  4985 | D:6      | Found a glowing silver altar of Zin.
  5042 | D:6      | Noticed Blork the orc
  5070 | D:6      | Killed Blork the orc
  5437 | D:6      | Identified the amulet "Paeff" {*Corrode +Rage +Fly Dex-2
                  | SInv} (You found it on level 5 of the Dungeon)
  5441 | D:7      | Found a sand-covered staircase.
  5445 | Ossuary  | Entered an ossuary
  5629 | Ossuary  | Reached ***** piety under Trog
  5688 | Ossuary  | Reached skill level 10 in Unarmed Combat
  6307 | D:7      | Reached XP level 10. HP: 88/100 MP: 9/9
  6458 | D:7      | Found a hazy altar of Hepliaklqana.
  6458 | D:7      | Found a deep blue altar of Sif Muna.
  6466 | D:7      | Found a snail-covered altar of Cheibriados.
  6466 | D:7      | Found an iron altar of Okawaru.
  6472 | D:7      | Found an ornate altar of the Wu Jian Council.
  6519 | D:7      | Found a sacrificial altar of Ru.
  6816 | D:8      | Reached skill level 1 in Maces & Flails
  6947 | D:8      | Reached skill level 1 in Evocations
  7137 | D:8      | Noticed Pikel
  7145 | D:8      | Killed Pikel
  8469 | D:10     | Entered Level 10 of the Dungeon
  8506 | D:10     | Found a staircase to the Lair.
  8950 | D:10     | Killed an unseen horror
  8950 | D:10     | Reached XP level 11. HP: 89/111 MP: 7/12
  9036 | D:10     | Got a shadowed robe
  9048 | D:10     | Identified the +2 robe of Complete Protection {rPois
                  | Slay+3} (You found it on level 10 of the Dungeon)
  9114 | D:10     | Noticed a two-headed ogre
  9117 | D:10     | Reached skill level 5 in Maces & Flails
  9135 | D:10     | Killed a two-headed ogre
  9428 | D:11     | Received a gift from Trog
  9434 | D:11     | Reached skill level 1 in Throwing
  9652 | D:11     | Noticed a cyan ugly thing
  9686 | D:10     | Killed a cyan ugly thing
  9739 | D:11     | Found Doiq's Armour Shop.
  9741 | D:11     | Found a staircase to the Orcish Mines.
  9901 | D:11     | Received a gift from Trog
  9990 | D:11     | Killed an unseen horror
  9991 | D:11     | Noticed a two-headed ogre
 10001 | D:11     | Killed a two-headed ogre
 10001 | D:11     | Reached skill level 11 in Unarmed Combat
 10010 | D:11     | Found a bloodstained altar of Trog.
 10011 | D:11     | Noticed a wizard
 10016 | D:11     | Killed a wizard
 10205 | D:11     | Noticed a green ugly thing
 10216 | D:11     | Killed a green ugly thing
 10726 | Lair:1   | Entered Level 1 of the Lair of Beasts
 10762 | Lair:1   | Reached skill level 5 in Evocations
 10841 | Lair:1   | Reached XP level 12. HP: 98/122 MP: 10/14
 11096 | Lair:1   | Noticed a four-headed hydra
 11105 | Lair:1   | Killed a four-headed hydra
 11114 | Lair:1   | Reached ****** piety under Trog
 12103 | Lair:2   | Received a gift from Trog
 12431 | D:11     | Bought a +2 buckler of fire resistance for 258 gold pieces
 13083 | Lair:2   | Found a hole to the Spider Nest.
 13300 | Lair:2   | Reached skill level 10 in Fighting
 13704 | Lair:3   | Reached skill level 12 in Unarmed Combat
 13802 | Lair:3   | Noticed a seven-headed hydra
 13808 | Lair:3   | Killed a seven-headed hydra
 14304 | Lair:3   | Received a gift from Trog
 14313 | Lair:3   | Reached XP level 13. HP: 98/135 MP: 16/16
 14511 | Lair:3   | Found a runed translucent door.
 14512 | Lair:3   | Identified the +8 spear of Coner {vamp, MR+ Str+3}
 14512 | Lair:3   | Noticed Jannitor's ghost (journeyman HuCK)
 14548 | Lair:3   | Killed Jannitor's ghost
 15319 | Lair:4   | Found a staircase to the Swamp.
 16518 | Lair:5   | Found a viscous altar of Jiyva.
 16519 | Lair:5   | Found a staircase to the Slime Pits.
 16593 | Lair:5   | Noticed Nessos
 17095 | Lair:4   | Reached skill level 13 in Unarmed Combat
 17277 | Lair:5   | Killed Nessos
 17277 | Lair:5   | Reached skill level 10 in Dodging
 17734 | Lair:6   | Entered Level 6 of the Lair of Beasts
 18218 | Lair:6   | Reached XP level 14. HP: 146/149 MP: 17/17
 18717 | Lair:6   | Received a gift from Trog
 20195 | Orc:1    | Entered Level 1 of the Orcish Mines
 20548 | Orc:1    | Received a gift from Trog
 20768 | Orc:2    | Entered Level 2 of the Orcish Mines
 21032 | Orc:2    | Found Cuhyfarch's Book Boutique.
 21067 | Orc:2    | Found Puireh's Antique Weapon Boutique.
 21074 | Orc:2    | Reached skill level 14 in Unarmed Combat
 21089 | Orc:2    | Mangled by a sun demon

Skill      XL: |  1  2  3  4  5  6  7  8  9 10 11 12 13 14 |
---------------+-------------------------------------------+-----
Fighting       | 3 4 5 6 7 8 10 12 13 | 13.3
Dodging        | 3 4 5 6 7 9 10 | 10.0
Unarmed Combat | 4 5 6 7 8 10 11 12 13 14 | 14.0
Maces & Flails | 4 5 |  5.0
Evocations     | 3 5 6 |  6.0
Throwing       | 3 |  3.0

Action                   |  1- 3 |  4- 6 |  7- 9 | 10-12 | 13-15 || total
-------------------------+-------+-------+-------+-------+-------++-------
Melee: Unarmed           |    77 |   160 |   412 |   609 |   531 ||  1789
       Punch             |     1 |     4 |    13 |    42 |    51 ||   111
       Giant spiked club |       |       |       |    18 |       ||    18
Throw: Tomahawk          |       |       |       |     9 |    27 ||    36
Invok: Berserk           |       |       |     3 |     5 |     6 ||    14
       Brothers in Arms  |       |       |       |     2 |     3 ||     5
       Trog's Hand       |       |       |       |     2 |     3 ||     5
Evoke: Wand              |       |       |     3 |     5 |     6 ||    14
  Use: Scroll            |       |       |     6 |     9 |    18 ||    33
       Potion            |       |       |     1 |     2 |     6 ||     9
  Eat: Chunk             |    14 |    12 |    40 |    76 |    70 ||   212
       Ration            |       |       |       |     1 |       ||     1
Armor: Animal skin       |    24 |    61 |   118 |    27 |       ||   230
       Robe              |       |       |       |   151 |   158 ||   309
       Quicksilver drago |       |       |       |    21 |       ||    21
Dodge: Dodged            |    58 |    98 |   204 |   297 |   365 ||  1022
